 Dungeon Crawl Stone Soup version 0.30-a0-800-g7c544603b3 (webtiles) character file.

Game seed: 1547500537049543303

683 oldmanjim the Shooter (level 7, -6/60 HPs)
             Began as a Minotaur Hunter on Feb 22, 2023.
             Mangled by an ogre
             ... wielding a +0 giant spiked club
              (15 damage)
             ... while paralysed by Grinder
             ... on level 5 of the Dungeon on Feb 23, 2023.
             The game lasted 00:13:55 (4871 turns).

oldmanjim the Shooter (Minotaur Hunter)             Turns: 4871, Time: 00:13:55

Health: -6/60      AC:  7    Str: 15    XL:     7   Next: 35%
Magic:  6/6        EV:  2    Int:  6    God:
Gold:   190        SH:  0    Dex: 16    Spells: 6/6 levels left

rFire   . . .      SeeInvis .    b - +1 dagger (venom)
rCold   . . .      Faith    .    (no shield)
rNeg    . . .      Spirit   .    y - +2 ring mail {rPois}
rPois   +          Reflect  .    (helmet restricted)
rElec   .          Harm     .    (no cloak)
rCorr   .          Rampage  .    (no gloves)
Will    .....                    (no boots)
Stlth   +                        (no amulet)
HPRegen 0.30/turn                v - +5 ring of evasion
MPRegen 0.10/turn                (no ring)

@: paralysed
A: horns 2, retaliatory headbutt
a: no special abilities


You were on level 5 of the Dungeon.
You visited 1 branch of the dungeon, and saw 5 of its levels.

You collected 190 gold pieces.

Inventory:

Hand Weapons
 a - a +0 shortbow
 b - a +1 dagger of venom (weapon)
 c - a +3 mace
 q - a +0 triple sword
 A - a +2 dagger of speed
Missiles
 g - 17 poisoned darts
 h - 59 stones
 p - 4 atropa-tipped darts
 w - a boomerang
Armour
 y - a +2 ring mail of poison resistance (worn)
Jewellery
 v - a +5 ring of evasion (left hand)
Wands
 x - a wand of mindburst (12)
Scrolls
 d - 4 scrolls of teleportation {unknown}
 e - 2 scrolls of vulnerability {unknown}
 f - a scroll of poison {unknown}
 k - 2 scrolls of blinking {unknown}
 m - a scroll of fog {unknown}
 n - a scroll of immolation
 o - 4 scrolls of identify {unknown}
 s - a scroll of noise {unknown}
 t - a scroll of magic mapping {unknown}
 E - a scroll of butterflies {unknown}
Potions
 i - 2 potions of curing
 j - 4 potions of lignification {unknown}
 l - 2 potions of might {unknown}
 r - a potion of heal wounds {unknown}
 u - a potion of flight {unknown}
 z - a potion of haste {unknown}
 B - a potion of resistance {unknown}
 C - a potion of mutation {unknown}
 D - a potion of berserk rage {unknown}


   Skills:
 + Level 4.9 Fighting
 * Level 7.1 Ranged Weapons
 + Level 4.0 Armour
 + Level 4.4 Dodging
 - Level 0.7 Stealth


You had 6 spell levels left.
You didn't know any spells.
Your spell library contained the following spells:

 Spells                   Type           Power      Damage    Failure   Level
 Kiss of Death            Conj/Necr      0%         2d5       67%         1
 Scorch                   Fire           0%         2d5       80%         2
 Confusing Touch          Hex            0%         N/A       95%         3
 Kindle Blastsparks       Fire/Tloc/Air  0%         2d10      95%         3
 Dispel Undead            Necr           0%         3d6       100%        4
 Flame Wave               Conj/Fire      0%         2d4       100%        4
 Fulminant Prism          Conj/Hex       0%         3d5       100%        4
 Iskenderun's Mystic Bla  Conj/Tloc      0%         2d3       100%        4
 Lee's Rapid Deconstruct  Erth           0%         3d4*      100%        5
 Summon Cactus Giant      Summ           0%         N/A       100%        6


Dungeon Overview and Level Annotations

Branches:
Dungeon (5/15)
 Temple: D:4-7

Altars:
Fedhas
Makhleb
The Shining One

Shops:
D:3 [   D:4 (

Annotations:
D:5 Grinder


Innate Abilities, Weirdness & Mutations

You have a pair of horns on your head.
You reflexively headbutt those who attack you in melee.


Message History

Grinder shouts!
You shoot an arrow. The arrow barely misses Grinder.
You hear a shout!
An ogre comes into view. It is wielding a +0 giant spiked club.
Grinder closely misses you. Grinder gestures at you.
Pain shoots through your body!
Aiming: Mindburst
Press: ? - help, Shift-Dir - straight line, f/p - Grinder
Aim: Grinder (chance to affect: 64%) Grinder's mind is blasted!
Your +1 dagger of venom begins to drip with poison!
b - a +1 dagger of venom (weapon)
You closely miss Grinder. Your headbutt misses Grinder.
Grinder is heavily wounded.
Grinder blinks!
You hit Grinder but do no damage.
Grinder is heavily wounded.
Grinder drinks a potion.
Grinder is healed!
You hit Grinder. You headbutt Grinder!
Grinder is heavily wounded.
Grinder hits you but does no damage. The ogre closely misses you.
You hit Grinder but do no damage.
Grinder is heavily wounded.
Grinder hits you.
You writhe in agony.
The ogre barely misses you.
You barely miss Grinder. Your headbutt misses Grinder.
Grinder is heavily wounded.
Grinder hits you.
You writhe in agony.
You hit Grinder but do no damage.
Grinder is heavily wounded.
Grinder gestures at you.
You suddenly lose the ability to move!
The ogre hits you with a +0 giant spiked club!!
* * * LOW HITPOINT WARNING * * *
Grinder hits you.
* * * LOW HITPOINT WARNING * * *
You writhe in agony.
* * * LOW HITPOINT WARNING * * *
The ogre hits you with a +0 giant spiked club!
You die...

#######.##
#........#
#.#####..# ###
#..###.##
.#####..##...##
..............#
.###.....#...##
........###.########
######.## #..5@O...#
#. ########.# #. #.#
#+ #.# #O#
#.........#
#.###.###.# #.. .#
... .


You could see Grinder and an ogre.

Vanquished Creatures
  2 ogres
  A bullfrog (D:4)
  2 scorpions (D:5)
  A jelly (D:4)
  An orc priest (D:3)
  An iguana (D:4)
  Terence (D:3)
  Natasha (thrice) (D:3)
  An orc wizard (D:3)
  3 adders
  A shadow imp (D:5)
  3 dart slugs
  2 worms (D:4)
  17 orcs
  4 endoplasms
  A giant cockroach (D:2)
  8 hobgoblins
  3 kobolds
  5 quokkas
  5 ball pythons
  6 bats
  9 goblins
  4 rats
84 creatures vanquished.

Vanquished Creatures (others)
  A bush (D:4)
  4 fungi (D:1)
  13 plants
18 creatures vanquished.

Grand Total: 102 creatures vanquished

Notes
Turn   | Place    | Note
-------+----------+-------------------------------------------
     0 | D:1      | oldmanjim the Minotaur Hunter began the quest for the Orb.
     0 | D:1      | Reached XP level 1. HP: 18/18 MP: 0/0
   272 | D:1      | Reached XP level 2. HP: 23/25 MP: 1/1
   333 | D:1      | Found a faded altar of an unknown god.
   430 | D:1      | Reached skill level 1 in Armour
   980 | D:1      | Found a faded altar of an unknown god.
  1380 | D:2      | Reached XP level 3. HP: 20/30 MP: 2/2
  1527 | D:2      | Reached skill level 5 in Ranged Weapons
  1981 | D:3      | Noticed Terence
  1993 | D:3      | Killed Terence
  1994 | D:3      | Reached XP level 4. HP: 5/38 MP: 3/3
  2128 | D:3      | Noticed Natasha
  2132 | D:3      | Killed Natasha
  2419 | D:3      | Noticed Natasha
  2428 | D:3      | Killed Natasha
  2429 | D:3      | Reached XP level 5. HP: 23/46 MP: 4/4
  2591 | D:3      | Found Tuwni's Armour Shoppe.
  2635 | D:3      | Noticed Natasha
  2637 | D:3      | Noticed an ogre
  2641 | D:3      | Killed an ogre
  2642 | D:3      | Reached skill level 6 in Ranged Weapons
  2642 | D:3      | Reached XP level 6. HP: 50/52 MP: 5/5
  2648 | D:3      | Killed Natasha
  3261 | D:4      | Found Ciwuefe's Antique Weapon Shop.
  3287 | D:4      | Found a burning altar of Makhleb.
  3287 | D:4      | Noticed a cacodemon
  3345 | D:4      | Found a glowing golden altar of the Shining One.
  4069 | D:4      | Reached XP level 7. HP: 48/60 MP: 6/6
  4399 | D:4      | Found a blossoming altar of Fedhas.
  4518 | D:5      | Entered Level 5 of the Dungeon
  4562 | D:5      | Reached skill level 7 in Ranged Weapons
  4854 | D:5      | Noticed Grinder
  4870 | D:5      | Paralysed by Grinder for 3 turns
  4871 | D:5      | Mangled by an ogre

Illustrated notes

Levels and vault maps discovered:
D:1:      ncdulo_lavacross, layout_loops_ring,
          shapermc_ecumenical_altar_mp_urbaneastern
D:2:      layout_basic
D:3:      layout_loops_corners, serial_shops, nicolae_shop_advertising_works
          [nicolae_subvault_shop_adworks], corexii_item_surrounded_by_moat,
          uniq_natasha, uniq_terence
D:4:      layout_basic, makhleb_altar_promises_db,
          mainiacjoe_overflow_cross_hatched, fedhas_altar_decomposition,
          nicolae_take_the_stairs, nicolae_wormholes
D:5:      layout_loops_corners, serial_bayou_pond_a,
          chequers_serial_rivers_room_b, water_maze_lemuel, uniq_menkaure,
          uniq_ijyb, uniq_grinder, uniq_crazy_yiuf_cottage

Skill      XL: |  1  2  3  4  5  6  7 |
---------------+----------------------+-----
Armour         | 1 2 3 4 |  4.0
Fighting       | 3 4 |  4.9
Ranged Weapons | 5 6 7 |  7.1
Dodging        | 3 4 |  4.4
Stealth        | |  0.7

Action                     |  1- 3 |  4- 6 |  7- 9 || total
---------------------------+-------+-------+-------++-------
  Melee: Dagger            |     2 |     7 |    12 ||    21
         Headbutt          |       |     1 |     3 ||     4
         Triple sword      |       |     1 |       ||     1
   Fire: Shortbow          |    95 |   165 |    18 ||   278
  Evoke: Wand              |       |       |     1 ||     1
 Armour: Leather armour    |    12 |     6 |       ||    18
         Ring mail         |       |     8 |     2 ||    10
  Dodge: Dodged            |    32 |    55 |    11 ||    98

Table legend: (Time is in decaauts)
 A = Elapsed time spent in this place.
 B = Non-inter-level travel time spent in this place.
 C = Inter-level travel time spent in this place.
 D = Time resting spent in this place.
 E = Time spent auto-exploring this place.
 F = Levels seen in this place.
 G = Mean time per level.
                   A        B        C        D        E       F      G
               +--------+--------+--------+--------+--------+-----+--------+
         Total |   4944 |   4617 |    327 |    300 |   3641 |   5 |  988.8 |
       Dungeon |   4944 |   4617 |    327 |    300 |   3641 |   5 |  988.8 |
               +--------+--------+--------+--------+--------+-----+--------+

Top non-repeatable levels by time:
     D:1: 1369 daAuts
     D:3: 1367 daAuts
     D:4: 1143 daAuts
     D:2: 708 daAuts
     D:5: 355 daAuts
